 Dungeon Crawl Stone Soup version 0.17-a0-1760-ga6756ae (console) character file.

83 Illiel the Shooter (level 4, -2/28 HPs)
             Began as a High Elf Arcane Marksman on Sept 3, 2015.
             Was an Initiate of Okawaru.
             Slain by a shadow imp (3 damage)
             ... summoned by Natasha
             ... on level 3 of the Dungeon.
             The game lasted 00:12:34 (1910 turns).

Illiel the Shooter (High Elf Arcane Marksman)       Turns: 1910, Time: 00:12:35

Health: -2/28      AC:  3    Str: 10    XL:     4   Next: 22%
Magic:  9/9        EV: 13    Int: 17    God:    Okawaru [......]
Gold:   156        SH:  0    Dex: 15    Spells: 3 memorised, 2 levels left

rFire  . . .     SeeInvis .     b - +0 scimitar
rCold  . . .     Clarity  .     c - +1 robe
rNeg   . . .     SustAt   .     (no shield)
rPois  .         Gourm    .     (no helmet)
rElec  .         Spirit   .     (no cloak)
rCorr  .         Warding  .     (no gloves)
rMut   .         Stasis   .     (no boots)
MR     .....                    (no amulet)
Stlth  +.........               (no ring)
                                (no ring)

@: slowed, very slow, not resistant to hostile enchantments, very unstealthy
A: no striking features
a: Renounce Religion


You were on level 3 of the Dungeon.
You worshipped Okawaru.
Okawaru was noncommittal.
You were not hungry.

You visited 1 branch of the dungeon, and saw 3 of its levels.

You collected 156 gold pieces.

Inventory:

Hand weapons
 a - a +0 shortbow
 b - a +0 scimitar (weapon)
Missiles
 g - 18 arrows
Armour
 c - a +1 robe (worn)
Jewellery
 k - an uncursed ring of teleportation
Magical devices
 e - a wand of cold (6)
 r - a wand of flame (28)
Scrolls
 f - a scroll of blinking
 o - a scroll of enchant weapon {unknown}
 q - a scroll of recharging {unknown}
 s - a scroll of fear {unknown}
 t - a scroll of immolation {unknown}
Potions
 h - a potion of degeneration
 i - 2 potions of curing
 m - a potion of poison {unknown}
 n - a potion of ambrosia {unknown}
 p - 3 potions of heal wounds {unknown}
Books
 d - a book of Debilitation

   Spells                             Type                      Level
   a - Corona                         Hexes                        1
   b - Slow                           Hexes                        2
   c - Gell's Gravitas                Hexes/Translocation          3
   d - Inner Flame                    Hexes/Fire                   3
   e - Cause Fear                     Hexes                        4
   f - Leda's Liquefaction            Hexes/Earth                  4
Comestibles
 u - a bread ration
 v - a meat ration
 w - a chunk of flesh


   Skills:
 - Level 1.1 Fighting
 + Level 0.0 Long Blades
 * Level 4.0 Bows
 - Level 2.4 Dodging
 + Level 2.7 Spellcasting
 + Level 3.5 Hexes
 + Level 0.6 Fire Magic


You had 2 spell levels left.
You knew the following spells:

 Your Spells              Type           Power        Failure   Level  Hunger
a - Corona                Hex            ##.....      4%          1    #......
b - Slow                  Hex            ##......     10%         2    ##.....
i - Inner Flame           Hex/Fire       #.......     24%         3    ###....


Dungeon Overview and Level Annotations

Branches:
Dungeon (3/15)

Altars:
Cheibriados
Elyvilon
Fedhas
Okawaru

Annotations:
D:3 Natasha


Message History

Natasha misses you. The shadow imp hits you. Natasha claws you.
You barely miss Natasha.
Natasha is almost dead.
The shadow imp hits you but does no damage.
Natasha casts a spell at you.
You feel yourself slow down. The shadow imp barely misses you.
You barely miss Natasha.
Natasha is almost dead.
Natasha stops glowing.
Natasha mumbles some strange words.
The shadow imp hits you.
* * * LOW HITPOINT WARNING * * *
Natasha mumbles some strange words.
The shadow imp hits you.
* * * LOW HITPOINT WARNING * * *
Drink which item? (? for menu, Esc to quit)
It was a potion of curing.
You feel better. Natasha claws you.
* * * LOW HITPOINT WARNING * * *
The shadow imp hits you.
You die...

▒▒▒▒▒ ∙∙∙▒ ▒∙▒∙∙▒
▒∙▒▒▒▒▒∙▒▒▒▒▒▒∙▒∙∙▒
▒∙∙∙∙∙∙∙∙∙∙∙▒▒∙▒∙∙▒
∙∙∙▒▒▒∙▒▒▒∙▒▒∙▒∙∙▒
▒∙∙∙▒ ▒∙▒ ▒∙▒▒∙▒∙∙▒
▒∙∙▒▒▒'▒▒▒∙▒▒∙▒∙∙∙
▒∙∙▒▒▒▄■∙∙∙▒▒∙▒∙▒▒
▒∙∙▒▒▒'▒▒▒∙∙∙∙∙∙▒∙
▒∙∙▒ ▒∙▒ ▒∙)▒∙∙∙∙∙
▒<∙▒▒▒∙▒▒▒∙▒▒▒▒▒▒∙
▒∙∙∙∙∙∙∙∙∙∙∙∙∙▒▒▒▒
▒∙∙∙∙∙∙▒▒▒▒∙∙∙∙∙∙∙
▒∙▒▒▒▒▒▒ ▒∙)%▒▒▒▒
▒∙▒ ▒▒∙▒▒ ▒5▒ ▒∙▒
▒@▒ ▒▒▒▒▒▒▒∙▒
▒5h∙∙∙∙∙∙∙∙∙∙▒
▒5(∙∙∙∙∙∙∙∙∙∙▒▒▒▒▒
▒∙▒▒▒▒▒▒▒▒∙∙∙∙∙∙∙∙
▒(▒ ▒∙∙∙∙∙<∙∙∙ ▒(▒
▒▒∙∙∙▒▒▒▒∙ ▒∙▒
▒▒∙∙▒ ▒∙∙ ▒▒∙▒ ▒∙▒
▒∙▒ ▒∙▒ ∙∙


You could see Natasha, 2 crimson imps and a shadow imp.

Vanquished Creatures
  3 adders (D:2)
  3 giant geckos
  8 hobgoblins
  5 jackals (D:2)
  6 kobolds
  8 bats
  5 giant newts
  7 goblins
  8 rats
53 creatures vanquished.

Notes
Turn   | Place    | Note
--------------------------------------------------------------
     0 | D:1      | Illiel the High Elf Arcane Marksman began the quest for the Orb.
     0 | D:1      | Reached XP level 1. HP: 13/13 MP: 3/3
   201 | D:1      | Reached XP level 2. HP: 11/18 MP: 5/5
   638 | D:1      | Learned a level 2 spell: Slow
  1065 | D:2      | Found a white marble altar of Elyvilon.
  1073 | D:2      | Reached XP level 3. HP: 23/23 MP: 7/7
  1142 | D:2      | Found a blossoming altar of Fedhas.
  1426 | D:2      | Learned a level 3 spell: Inner Flame
  1492 | D:2      | Reached XP level 4. HP: 17/28 MP: 6/8
  1769 | D:3      | Found a snail-covered altar of Cheibriados.
  1823 | D:3      | Reached skill level 4 in Bows
  1873 | D:3      | Found an iron altar of Okawaru.
  1876 | D:3      | Became a worshipper of Warmaster Okawaru
  1898 | D:3      | Noticed Natasha
  1909 | D:3      | HP: 1/28 [shadow imp[Natasha] (4)]
  1910 | D:3      | Slain by a shadow imp

Vault maps used:
D:1:      dpeg_arrival_tiny_j
D:2:      old_standard_altar, fedhas_altar_2, minmay_ruptured
D:3:      lemuel_doored_altar, old_standard_altar, uniq_sigmund, uniq_natasha

Action                   |  1- 3 |  4- 6 || total
-------------------------+-------+-------++-------
Melee: Dagger            |    63 |    16 ||    79
       Scimitar          |       |     5 ||     5
 Fire: Shortbow          |    75 |    19 ||    94
 Cast: Corona            |    43 |     2 ||    45
       Slow              |     1 |       ||     1
  Use: Scroll            |       |     4 ||     4
       Potion            |       |     1 ||     1
  Eat: Bread ration      |     1 |       ||     1
